 Dungeon Crawl Stone Soup version 0.27-a0-1590-g15f69828bf (webtiles) character file.

Game seed: 4245038584810112055

4069 Sin92 the Skirmisher (level 10, -4/77 HPs)
             Began as a Demonspawn Fighter on July 18, 2021.
             Was an Elder of Okawaru.
             Slain by a two-headed ogre (9 damage)
             ... on level 8 of the Dungeon.
             The game lasted 00:08:49 (8567 turns).

Sin92 the Skirmisher (Demonspawn Fighter)           Turns: 8567, Time: 00:08:49

Health: -4/77      AC: 19    Str: 20    XL:     10   Next: 5%
Magic:  0/4        EV:  8    Int:  9    God:    Okawaru [****..]
Gold:   501        SH: 10    Dex: 13    Spells: 9/9 levels left

rFire    + . .     SeeInvis .   f - +4 hand axe (antimagic)
rCold    + . .     Faith    .   c - +0 kite shield
rNeg     . . .     Spirit   +   s - +4 chain mail {rF+}
rPois    .         Reflect  .   (helmet restricted)
rElec    .         Harm     .   (no cloak)
rCorr    .         Rampage  .   k - +2 pair of gloves
Will     .....                  (no boots)
Stlth    ..........             l - amulet of guardian spirit
HPRegen  0.22/turn              h - ring of protection from cold
MPRegen  0.09/turn              (no ring)

@: no status effects
A: antennae 1, molten scales 1, powered by pain 2, spiny 1
a: Renounce Religion, Heroism


You were on level 8 of the Dungeon.
You worshipped Okawaru.
Okawaru was greatly pleased with you.
You visited 2 branches of the dungeon, and saw 9 of its levels.

You collected 1029 gold pieces.
You spent 528 gold pieces at shops.

Inventory:

Hand Weapons
 a - a +0 war axe
 f - a +4 antimagic hand axe (weapon)
 y - a +1 vampiric spear
Missiles
 r - 2 throwing nets (quivered)
Armour
 b - a +0 scale mail
 c - a +0 kite shield (worn)
 d - a +1 pair of gloves
 k - a +2 pair of gloves (worn)
 n - the +0 ring mail "Qihohet" {rElec rN+ Int-3 Dex+3}
   (You bought it in a shop on level 3 of the Dungeon)

   Int:       It affects your intelligence (-3).
   Dex:       It affects your dexterity (+3).
   rElec:     It insulates you from electricity.
   rN:        It protects you from negative energy.
 s - a +4 chain mail of fire resistance (worn)
Jewellery
 h - a ring of protection from cold (left hand)
 l - an amulet of guardian spirit (around neck)
 p - a ring of magical power
Wands
 o - a wand of digging (5)
 t - a wand of iceblast (11)
 v - a wand of acid (5)
Scrolls
 g - 2 scrolls of fog
 i - a scroll of magic mapping
 m - 5 scrolls of identify
Potions
 e - a potion of lignification
 u - a potion of curing


   Skills:
 + Level 6.8 Fighting
 + Level 5.8 Axes
 + Level 6.2 Armour
 + Level 5.5 Dodging
 + Level 6.3 Shields
 + Level 5.9 Invocations


You had 9 spell levels left.
You didn't know any spells.
Your spell library contained the following spells:

 Spells                   Type           Power      Damage    Failure   Level
 Corona                   Hex            0%         N/A       100%        1
 Ensorcelled Hibernation  Hex/Ice        0%         N/A       100%        2
 Sublimation of Blood     Necr           0%         N/A       100%        2
 Wereblood                Tmut           0%         N/A       100%        2
 Conjure Flame            Conj/Fire      0%         6-21      100%        3
 Ignite Poison            Fire/Tmut/Pois 0%         N/A       100%        3
 Spider Form              Tmut/Pois      0%         N/A       100%        3
 Tukima's Dance           Hex            0%         N/A       100%        3
 Sticky Flame             Conj/Fire      0%         2d3       100%        4
 Shadow Creatures         Summ           N/A        N/A       100%        6
 Summon Hydra             Summ           0%         N/A       100%        7


Dungeon Overview and Level Annotations

Branches:
Dungeon (8/15)             Temple (1/1) D:5
   Lair: D:8-11

Altars:
Ashenzari
Cheibriados
Dithmenos
Elyvilon
Fedhas
Gozag
Hepliaklqana
Kikubaaqudgha
Makhleb
Nemelex Xobeh
Okawaru
Ru
Sif Muna
Trog
Uskayaw
Vehumet
Wu Jian
Xom
Yredelemnul
Zin
The Shining One

Shops:
D:3 [


Innate Abilities, Weirdness & Mutations

You have a pair of small antennae on your head.
You are partially covered in molten scales. (AC +2)
You sometimes gain power by taking damage.
You are partially covered in sharp spines.


Message History

You block the yak's attack. The yak is struck by your spines.
The yak gores you but does no damage.
You slash the yak!
The yak is severely wounded.
You block the yak's attack.
You slash the yak!
The yak is almost dead.
The yak gores you!
You slash the yak!
You kill the yak!
Okawaru accepts your kill.
You hit the two-headed ogre but do no damage.
You block the two-headed ogre's attack. x2
You hit the two-headed ogre.
The two-headed ogre is lightly wounded.
The two-headed ogre hits you with a +0 giant club.
You block the two-headed ogre's attack.
You hit the two-headed ogre.
The two-headed ogre is lightly wounded.
The two-headed ogre hits you with a +0 giant club.
The two-headed ogre hits you but does no damage.
You hit the two-headed ogre.
The two-headed ogre is lightly wounded.
The two-headed ogre hits you with a +0 giant club!
You block the two-headed ogre's attack.
You slash the two-headed ogre!
The two-headed ogre is moderately wounded.
You block the two-headed ogre's attack.
The two-headed ogre hits you with a +0 giant spiked club!!
* * * LOW HITPOINT WARNING * * *
You hit the two-headed ogre.
The two-headed ogre is moderately wounded.
The two-headed ogre barely misses you.
The two-headed ogre hits you with a +0 giant spiked club!
* * * LOW HITPOINT WARNING * * *
You barely miss the two-headed ogre.
The two-headed ogre is moderately wounded.
You block the two-headed ogre's attack.
The two-headed ogre hits you with a +0 giant spiked club!
You die...

#.. ... #.#
#.. #.# #.#
#.# #.# #O#
#.# #@# #.#
#.# #.# #.#
#.####.#
#...##.#
##......#
####.#..####
#...###)#
#.##.#.### #


You could see a two-headed ogre.

Vanquished Creatures
  A two-headed ogre (D:6)
  Grinder (D:3)
  Sigmund (D:6)
  6 yaks (D:8)
  A steam dragon (D:8)
  2 water moccasins
  2 sky beasts
  An orc warrior (D:6)
  2 ogres
  A necrophage (D:5)
  A bullfrog (D:5)
  2 gnoll sergeants (D:6)
  4 killer bees (D:8)
  9 wights
  A howler monkey (D:7)
  3 hounds
  An orc priest (D:4)
  3 orc wizards
  An iguana (D:6)
  A hound skeleton (D:4)
  Robin (D:2)
  6 gnolls (D:6)
  11 adders
  A shadow imp (D:7)
  5 white imps
  An ufetubus (D:5)
  2 adder skeletons (D:4)
  A worm (D:2)
  4 dart slugs
  22 orcs
  4 endoplasms
  2 giant cockroaches
  14 goblins
  11 hobgoblins
  3 jackals (D:1)
  2 quokkas
  4 ball pythons
  6 bats
  3 frilled lizards
  6 kobolds
  2 rats (D:1)
155 creatures vanquished.

Vanquished Creatures (others)
  A fungus (D:6)
1 creature vanquished.

Grand Total: 156 creatures vanquished

Notes
Turn   | Place    | Note
-------+----------+-------------------------------------------
     0 | D:1      | Sin92 the Demonspawn Fighter began the quest for the Orb.
     0 | D:1      | Reached XP level 1. HP: 18/18 MP: 1/1
    31 | D:1      | Gained mutation: You have a pair of small antennae on your
                  | head. [demonic ancestry]
    31 | D:1      | Reached XP level 2. HP: 16/24 MP: 2/2
   608 | D:1      | Reached XP level 3. HP: 28/29 MP: 1/3
   946 | D:2      | Reached skill level 1 in Dodging
   948 | D:2      | Noticed Robin
   961 | D:2      | Killed Robin
  1124 | D:2      | Found a shimmering altar of Xom.
  1182 | D:2      | Reached XP level 4. HP: 27/35 MP: 1/4
  1849 | D:2      | Found a faded altar of an unknown god.
  2099 | D:3      | Noticed Grinder
  2120 | D:3      | Paralysed by Grinder for 3 turns
  2124 | D:3      | Killed Grinder
  2125 | D:3      | Gained mutation: You sometimes gain a little power by
                  | taking damage. [demonic ancestry]
  2125 | D:3      | Reached XP level 5. HP: 21/42 MP: 1/5
  2434 | D:3      | Found Oxic's Antique Armour Boutique.
  2456 | D:3      | Gained mutation: You are partially covered in sharp spines.
                  | [demonic ancestry]
  2456 | D:3      | Reached XP level 6. HP: 44/48 MP: 2/6
  3850 | D:5      | Entered Level 5 of the Dungeon
  3851 | D:5      | Identified a scroll of acquirement
  3851 | D:5      | Acquired 542 gold pieces
  3895 | D:3      | Bought a warped ring mail for 288 gold pieces
  3895 | D:3      | Identified the +0 ring mail "Qihohet" {rElec rN+ Int-3
                  | Dex+3} (You bought it in a shop on level 3 of the Dungeon)
  3895 | D:3      | Bought a glowing chain mail for 240 gold pieces
  4048 | D:5      | Noticed a sky beast
  4060 | D:5      | Killed a sky beast
  4061 | D:5      | Reached XP level 7. HP: 37/55 MP: 1/7
  4192 | D:5      | Found a radiant altar of Vehumet.
  4204 | D:5      | Found a broken altar of Ashenzari.
  4648 | D:5      | Found a staircase to the Ecumenical Temple.
  5039 | Temple   | Entered the Ecumenical Temple
  5148 | Temple   | Became a worshipper of Warmaster Okawaru
  5210 | D:6      | Found a sacrificial altar of Ru.
  5246 | D:6      | Reached skill level 5 in Fighting
  5246 | D:6      | Reached skill level 1 in Invocations
  5251 | D:6      | Gained mutation: You are partially covered in molten
                  | scales. (AC +2) [demonic ancestry]
  5251 | D:6      | Reached XP level 8. HP: 10/62 MP: 3/9
  5540 | D:6      | Found an ancient bone altar of Kikubaaqudgha.
  5648 | D:6      | Noticed Sigmund
  5658 | D:6      | Reached * piety under Okawaru
  5671 | D:6      | Killed Sigmund
  5954 | D:6      | Reached skill level 5 in Shields
  6239 | D:6      | Found an opulent altar of Gozag.
  6265 | D:6      | Reached skill level 5 in Armour
  6624 | D:6      | Reached ** piety under Okawaru
  6775 | D:6      | Noticed a two-headed ogre
  6780 | D:6      | HP: 3/64 [two-headed ogre (6)]
  7093 | D:6      | HP: 1/64 [two-headed ogre (4)]
  7095 | D:6      | Killed a two-headed ogre
  7095 | D:6      | Reached *** piety under Okawaru
  7096 | D:6      | Reached skill level 5 in Axes
  7096 | D:6      | Reached XP level 9. HP: 1/69 MP: 0/12
  8218 | D:8      | Reached skill level 5 in Invocations
  8242 | D:8      | Reached skill level 5 in Dodging
  8493 | D:8      | Noticed a two-headed ogre
  8556 | D:8      | Reached **** piety under Okawaru
  8557 | D:8      | Gained mutation: You sometimes gain power by taking damage.
                  | [demonic ancestry]
  8557 | D:8      | Reached XP level 10. HP: 45/77 MP: 3/14
  8567 | D:8      | Slain by a two-headed ogre

Illustrated notes

Levels and vault maps discovered:
D:1:      amcnicky_arrival_gap_in_the_tavern_cellar, layout_basic,
          minmay_pentomino_v4
D:2:      minmay_spotlight, layout_loops_corners, basic_altar,
          dreamdust_ecumenical_altar_angels_and_demons, uniq_robin
D:3:      layout_loops_ring, serial_shops, shop, uniq_grinder
D:4:      layout_cave_pools
D:5:      layout_basic, minmay_overflow_temple_star_quad, temple_green,
          nrook_mini_backslash
D:6:      layout_loops_corners, mainiacjoe_overflow_tiny_flanked,
          kennysheep_little_box, nicolae_overflow_crystal_walls, uniq_sigmund
D:7:      layout_rooms
D:8:      layout_loops_ring, gammafunk_ghost_mausoleum
Temple:   regret_index_temple_waves

Skill      XL: |  1  2  3  4  5  6  7  8  9 |
---------------+----------------------------+-----
Axes           | 2 3 4 5 |  5.8
Shields        | 3 4 5 6 |  6.3
Armour         | 3 4 5 6 |  6.2
Dodging        | 1 2 3 4 5 |  5.5
Fighting       | 4 5 6 |  6.8
Invocations    | 1 4 5 |  5.9

Action                   |  1- 3 |  4- 6 |  7- 9 | 10-12 || total
-------------------------+-------+-------+-------+-------++-------
Melee: War axe           |    20 |       |       |       ||    20
       Hand axe          |    57 |   112 |   330 |    11 ||   510
Invok: Heroism           |       |       |     2 |       ||     2
  Use: Scroll            |       |     7 |     7 |       ||    14
       Potion            |       |     2 |     7 |       ||     9
Armor: Scale mail        |    35 |    39 |       |       ||    74
       Skin              |       |     6 |       |       ||     6
       Chain mail        |       |    10 |   152 |     2 ||   164
Dodge: Dodged            |    21 |    31 |    79 |     1 ||   132
Block: Kite shield       |    48 |    47 |   205 |     8 ||   308

Table legend: (Time is in decaauts)
 A = Elapsed time spent in this place.
 B = Non-inter-level travel time spent in this place.
 C = Inter-level travel time spent in this place.
 D = Time resting spent in this place.
 E = Time spent auto-exploring this place.
 F = Levels seen in this place.
 G = Mean time per level.
                   A        B        C        D        E       F      G
               +--------+--------+--------+--------+--------+-----+--------+
         Total |   8741 |   8404 |    337 |   1085 |   6104 |   9 |  971.2 |
       Dungeon |   8591 |   8326 |    265 |   1085 |   6029 |   8 | 1073.9 |
        Temple |    149 |     77 |     72 |      0 |     75 |   1 |  149.0 |
               +--------+--------+--------+--------+--------+-----+--------+

Top non-repeatable levels by time:
     D:6: 2118 daAuts
     D:5: 1405 daAuts
     D:2: 1374 daAuts
     D:3: 997 daAuts
     D:4: 914 daAuts
     D:1: 731 daAuts
     D:7: 617 daAuts
     D:8: 430 daAuts
  Temple: 149 daAuts
